 Dungeon Crawl Stone Soup version 0.17-a0-1910-g4c791fa (webtiles) character file.

45 Goblin1989 the Insei (level 3, -3/19 HPs)
             Began as a Vine Stalker Monk on Sept 25, 2015.
             Slain by a gnoll
             ... wielding a +0 flail
              (5 damage)
             ... on level 3 of the Dungeon.
             The game lasted 00:05:59 (1604 turns).

Goblin1989 the Insei (Vine Stalker Monk)            Turns: 1604, Time: 00:05:59

Health: -3/19      AC:  2    Str: 13    XL:     3   Next: 64%
Magic:  0/4        EV: 13    Int: 11    God:
Gold:   144        SH:  0    Dex: 16    Spells: 0 memorised, 2 levels left

rFire  . . .     SeeInvis .       - Unarmed
rCold  . . .     Clarity  .     a - +0 robe
rNeg   . . .     SustAt   .     (no shield)
rPois  .         Gourm    .     (no helmet)
rElec  .         Spirit   +     (no cloak)
rCorr  .         Warding  .     (no gloves)
rMut   .         Stasis   .     (no boots)
MR     .....                    (no amulet)
Stlth  ++........               (no ring)
                                (no ring)

@: not resistant to hostile enchantments, unstealthy
A: fangs 2, regeneration 1, magic shield, antimagic bite, no device heal 3, rot
immunity
a: no special abilities


You were on level 3 of the Dungeon.
You were not hungry.

You visited 1 branch of the dungeon, and saw 3 of its levels.

You collected 144 gold pieces.

Inventory:

Armour
 a - a +0 robe (worn)
Jewellery
 h - a cursed ring of teleportation {unknown}
 l - an uncursed ring of magical power {unknown}
 s - an uncursed ring of protection from fire {unknown}
Magical devices
 r - a wand of frost (21)
Scrolls
 d - a scroll of recharging {unknown}
 e - a scroll of enchant armour {unknown}
 f - a scroll of magic mapping {unknown}
 g - 2 scrolls of immolation {unknown}
 m - 2 scrolls of remove curse {unknown}
 q - 2 scrolls of identify {unknown}
 v - a scroll of fog {unknown}
Potions
 c - 3 potions of curing {unknown}
 i - a potion of cancellation {unknown}
 j - a potion of haste {unknown}
 k - 2 potions of agility {unknown}
 o - a potion of might {unknown}
 u - a potion of poison {unknown}
Comestibles
 b - 2 bread rations
 n - 2 slices of pizza
 p - a meat ration
 t - 3 chunks of flesh


   Skills:
 - Level 2.6 Fighting
 - Level 2.4 Dodging
 + Level 3.4 Stealth
 * Level 4.9 Unarmed Combat


You had 2 spell levels left.
You didn't know any spells.

Dungeon Overview and Level Annotations

Branches:
Dungeon (3/15)

Altars:
Okawaru

Annotations:
D:3 Grinder


Innate Abilities, Weirdness & Mutations

You have extremely sharp teeth.
Your natural rate of healing is unusually fast.
When hurt, damage is shared between your health and your magic reserves.
Your bite disrupts and absorbs the magic of your enemies.
Potions and wands cannot restore your health.
You are immune to rotting.


Message History

You become entangled in the net!
You are held in a net!
You are held in a net!
You are held in a net!
You are held in a net!
You are held in a net!
You are held in a net!
You try to slip out of the net.
The gnoll hits you but does no damage.
The gnoll hits you from afar with a spear.
You try to slip out of the net.
The gnoll completely misses you. The gnoll hits you with a flail!
The gnoll barely misses you.
You struggle against the net.
The gnoll hits you with a spear.
The gnoll hits you from afar with a spear.
* * * LOW HITPOINT WARNING * * *
The gnoll barely misses you.
You slip out of the net!
The gnoll barely misses you.
The gnoll hits you from afar with a spear.
* * * LOW HITPOINT WARNING * * *
The gnoll hits you with a flail.
You die...

... #.#.#.########.
....###..............
#.........#.........
....##...#...#.......
.. #......##.#####.
##.....# # #.
##.##.##.# #.
######..†....# #.
#g@.......#### #.
.....gg######### ##
.##.... ^ .......
....#.. .#.....
##.#.# ...


You could see 3 gnolls.

Vanquished Creatures
  2 giant geckos (D:1)
  3 bats
  2 giant cockroaches
  9 hobgoblins
  A quokka (D:2)
  2 ball pythons (D:1)
  4 giant newts
  6 goblins
  5 kobolds
  6 rats
40 creatures vanquished.

Notes
Turn   | Place    | Note
--------------------------------------------------------------
     0 | D:1      | Goblin1989 the Vine Stalker Monk began the quest for the Orb.
     0 | D:1      | Reached XP level 1. HP: 11/11 MP: 2/2
   187 | D:1      | Reached XP level 2. HP: 7/16 MP: 3/3
   754 | D:2      | Reached XP level 3. HP: 19/19 MP: 4/4
   840 | D:2      | Found an iron altar of Okawaru.
  1344 | D:3      | Noticed Grinder
  1369 | D:3      | Found a faded altar to an unknown god.
  1604 | D:3      | Slain by a gnoll

Vault maps used:
D:1:      co_arrival_random_square_maze
D:2:      okawaru_metal_pillars_1_2, first_bread, minmay_misc_feat_five
D:3:      ecumenical_altar_2, uniq_grinder

Action                   || total
-------------------------++-------
Melee: Unarmed           ||    90
 Stab: Sleeping          ||    13
  Eat: Chunk             ||     2
